Tappara Tampere vs Reno Silver Aces
Created - Wednesday, October 30, 2024 at 08:15
Goals
|
| Tappara Tampere |
1 |
2 |
2 |
5 |
| Reno Silver Aces |
3 |
1 |
2 |
6 |
|
Shots
|
| Tappara Tampere |
12 |
20 |
6 |
38 |
| Reno Silver Aces |
15 |
9 |
13 |
37 |
|
1st period
1. Reno Silver Aces , Vinnie Hinostroza 29 (Peter Abbandonato 16, Nicolas Deslauriers 22) at 1:52
2. Reno Silver Aces , Vinnie Hinostroza 30 (Tanner Laczynski 30) at 4:07 (PP)
3. Tappara Tampere , Matthew Beniers 43 (Logan Stankoven 53) at 10:40
4. Reno Silver Aces , Mathieu Olivier 22 (Robert Bortuzzo 16) at 16:50
Penalties :
Sam Carrick (TAP) for Tripping (Minor) at 4:06, Zachary L'Heureux (RSA) for Hooking (Minor) at 6:00, Matthew Beniers (TAP) for Hooking (Minor) at 19:09
2nd period
5. Reno Silver Aces , Mathieu Olivier 23 (Vinnie Hinostroza 38, Tanner Laczynski 31) at 0:08 (PP)
6. Tappara Tampere , Tanner Pearson 14 (Dominik Kubalik 23, Jan Rutta 24) at 5:40
7. Tappara Tampere , Kent Johnson 30 (Jayson Megna 33, Nathan Walker 18) at 11:51
Penalties :
William Dufour (RSA) for Fighting (Major) at 3:58, Mattias Janmark (TAP) for Fighting (Major) at 3:58, Brendan Lemieux (RSA) for Holding (Minor) at 6:53, Nathan Gaucher (RSA) for Fighting (Major) at 13:01, Matt Martin (TAP) for Fighting (Major) at 13:01, Robert Bortuzzo (RSA) for High sticking (Minor) at 13:23
3rd period
8. Tappara Tampere , Matthew Beniers 44 (Logan Stankoven 54) at 1:34
9. Reno Silver Aces , Michael Pezzetta 36 (Valtteri Puustinen 42, Tanner Laczynski 32) at 6:22
10. Tappara Tampere , Tomas Nosek 8 (John Klingberg 25) at 11:58
11. Reno Silver Aces , Tanner Laczynski 20 (Michael Pezzetta 28, Dylan Coghlan 20) at 14:50
Penalties :
Robert Bortuzzo (RSA) for High sticking (Minor) at 8:43, Andreas Englund (TAP) for Holding (Minor) at 15:12, Jeremie Poirier (RSA) for Interference (Minor) at 17:56
Goalie Stats
Chris Driedger (TAP), 31 saves from 37 shots - (0.838), L, 12-10-4, 59:10 minutes
Philipp Grubauer (RSA), 33 saves from 38 shots - (0.868), W, 15-15-3, 60:00 minutes
Players Stats for Tappara Tampere
Player Name G A P +/- PIM S H SB GA TA FO MP PP MP PK MP
------------------------------------------------------------------------------------
Andreas Englund 0 0 0 2 2 1 0 0 0 0 0/0 12:00 0:00 0:00
Andrew Cogliano 0 0 0 2 0 1 1 0 1 2 0/1 19:24 4:37 1:35
Calvin De Haan 0 0 0 -2 0 0 2 4 0 2 0/0 27:12 5:11 1:19
Dominik Kubalik 0 1 1 2 0 3 0 0 1 0 0/0 8:35 0:00 0:00
Jan Rutta 0 1 1 -2 0 2 1 0 0 2 0/0 27:12 5:11 1:19
Jayson Megna 0 1 1 -2 0 5 3 2 1 0 0/0 18:48 5:18 0:00
John Klingberg 0 1 1 1 0 1 1 1 1 0 0/0 21:09 4:44 1:40
Kent Johnson 1 0 1 -2 0 4 2 1 1 0 10/26 20:03 5:17 1:23
Logan Stankoven 0 2 2 2 0 3 1 0 1 0 4/6 20:11 4:37 1:23
Matt Martin 0 0 0 -1 5 1 3 1 0 0 1/1 11:23 0:00 0:34
Matthew Beniers 2 0 2 2 2 4 1 0 0 2 17/24 19:11 4:37 1:03
Mattias Janmark 0 0 0 -2 5 1 3 0 1 0 1/1 16:43 4:16 0:00
Nathan Walker 0 1 1 -1 0 5 1 0 0 0 0/0 13:29 0:45 0:00
Nikita Zaitsev 0 0 0 1 0 2 1 1 0 1 0/0 21:09 4:44 1:40
Sam Carrick 0 0 0 -1 2 2 1 0 0 0 7/11 12:04 0:18 0:00
Sebastian J Aho 0 0 0 2 0 0 2 1 0 0 0/0 11:39 0:00 0:00
Tanner Pearson 1 0 1 2 0 1 0 0 0 0 0/1 8:22 0:00 0:00
Tomas Nosek 1 0 1 2 0 2 1 0 0 0 0/1 8:22 0:00 0:00
Players Stats for Reno Silver Aces
Player Name G A P +/- PIM S H SB GA TA FO MP PP MP PK MP
------------------------------------------------------------------------------------
Brendan Lemieux 0 0 0 0 2 1 2 0 1 0 0/0 12:12 0:00 0:36
Dylan Coghlan 0 1 1 2 0 1 0 1 2 2 0/0 21:25 0:58 5:20
Jeremie Poirier 0 0 0 0 2 1 1 1 0 0 0/0 12:37 0:00 0:13
Jon Merrill 0 0 0 -3 0 1 1 2 0 2 0/0 26:29 2:01 4:48
Mathieu Olivier 2 0 2 1 0 2 2 0 0 0 0/0 17:32 1:28 4:39
Michael Pezzetta 1 1 2 -1 0 3 4 2 2 0 1/2 19:54 1:31 4:45
Nathan Gaucher 0 0 0 -2 5 1 1 0 0 0 1/2 7:42 0:00 0:08
Nicolas Deslauriers 0 1 1 1 0 5 0 1 0 0 1/2 14:46 0:00 0:00
Patrick Brown 0 0 0 1 0 2 2 0 0 0 7/14 12:57 1:31 0:00
Peter Abbandonato 0 1 1 1 0 3 0 1 0 0 7/14 13:57 0:00 0:00
Robert Bortuzzo 0 1 1 -3 4 3 2 0 0 2 0/0 24:37 2:01 2:56
Tanner Laczynski 1 3 4 -1 0 5 1 0 0 0 12/23 14:58 1:28 0:00
Ty Smith 0 0 0 2 0 0 0 0 0 0 0/0 20:57 0:58 4:54
Valtteri Puustinen 0 1 1 -1 0 3 1 0 3 0 2/12 20:02 1:31 4:53
Vinnie Hinostroza 2 1 3 1 0 5 0 2 1 1 1/3 19:46 1:28 4:21
William Dufour 0 0 0 -1 5 0 2 0 0 0 0/0 7:34 0:00 0:00
William Villeneuve 0 0 0 0 0 0 0 2 0 0 0/0 14:07 0:00 1:46
Zachary L'Heureux 0 0 0 -2 2 1 2 0 0 0 0/0 8:26 0:00 0:21
3 Stars
1 - Vinnie Hinostroza (RSA)
2 - Mathieu Olivier (RSA)
3 - Tanner Laczynski (RSA)
Power Play
Tappara Tampere - 0 on 5 Attempt(s) - 0.00%
Reno Silver Aces - 2 on 3 Attempt(s) - 66.67%
Penalty Kill
Tappara Tampere - 1 on 3 Attempt(s) - 33.33%
- Score 0 goal in Penalty Kill
Reno Silver Aces - 5 on 5 Attempt(s) - 100.00%
- Score 0 goal in Penalty Kill
Team Stat
Tappara Tampere - Hits : 24 - Faceoff Wins : 40 - Blocked Shots : 11 - Penalty Minutes : 16
Reno Silver Aces - Hits : 21 - Faceoff Wins : 32 - Blocked Shots : 12 - Penalty Minutes : 20
Official
Referees : Trevor Hanson and Cody Beach
Linesman : Joseph Mahon and Libor Suchanek
Game Notes
William Dufour beats up Mattias Janmark at 3:58 of 2nd period
Nathan Gaucher beats up Matt Martin at 13:01 of 2nd period
Tappara Tampere
5 vs 5 Forward
Center Left Wing Right Wing Time % Phy DF OF
1 Matthew Beniers Andrew Cogliano Logan Stankoven 30 1 2 2
2 Kent Johnson Jayson Megna Mattias Janmark 30 1 2 2
3 Sam Carrick Nathan Walker Matt Martin 25 1 2 2
4 Tomas Nosek Tanner Pearson Dominik Kubalik 15 1 2 2
5 vs 5 Defense
Defense Defense Time % Phy DF OF
1 Jan Rutta Calvin De Haan 30 1 2 2
2 John Klingberg Nikita Zaitsev 30 1 2 2
3 Sebastian J Aho Andreas Englund 25 1 2 2
4 Jan Rutta Calvin De Haan 15 1 2 2
PowerPlay Forward
Center Left Wing Right Wing Time % Phy DF OF
1 Matthew Beniers Andrew Cogliano Logan Stankoven 50 1 2 2
2 Kent Johnson Jayson Megna Mattias Janmark 50 1 2 2
PowerPlay Defense
Defense Defense Time % Phy DF OF
1 Jan Rutta Calvin De Haan 50 1 2 2
2 John Klingberg Nikita Zaitsev 50 1 2 2
Penalty Kill 4 Players Forward
Center Wing Time % Phy DF OF
1 Matthew Beniers Andrew Cogliano 50 1 2 2
2 Logan Stankoven Kent Johnson 50 1 2 2
Penalty Kill 4 Players Defense
Defense Defense Time % Phy DF OF
1 Jan Rutta Calvin De Haan 50 1 2 2
2 John Klingberg Nikita Zaitsev 50 1 2 2
Penalty Kill - 3 Players Forward
Forward Time % Phy DF OF
1 Matthew Beniers 50 1 2 2
2 Andrew Cogliano 50 1 2 2
Penalty Kill - 3 Players Defense
Defense Defense Time % Phy DF OF
1 Jan Rutta Calvin De Haan 50 1 2 2
2 John Klingberg Nikita Zaitsev 50 1 2 2
4 vs 4 Forward
Center Wing Time % Phy DF OF
1 Matthew Beniers Andrew Cogliano 50 1 2 2
2 Logan Stankoven Kent Johnson 50 1 2 2
4 vs 4 Defense
Defense Defense Time % Phy DF OF
1 Jan Rutta Calvin De Haan 50 1 2 2
2 John Klingberg Nikita Zaitsev 50 1 2 2
Last Minutes Offensive
Center Left Wing Right Wing Defense Defense
Matthew Beniers Andrew Cogliano Logan Stankoven Jan Rutta Calvin De Haan
Last Minutes Defensive
Center Left Wing Right Wing Defense Defense
Matthew Beniers Andrew Cogliano Logan Stankoven Jan Rutta Calvin De Haan
Goaltenders
Starting : Chris Driedger
Backup : Joel Hofer
Extra Forwards
Normal : Nathan Walker, Sam Carrick, Matt Martin - PP : Nathan Walker, Sam Carrick - PK : Matt Martin
Extra Defensemen
Normal : Sebastian J Aho, John Klingberg, Nikita Zaitsev - PP : Sebastian J Aho - PK : John Klingberg, Nikita Zaitsev
Penalty Shots
Matthew Beniers, Andrew Cogliano, Logan Stankoven, Kent Johnson, Mattias Janmark
Scratches
Ben Hutton (Healthy), Niko Mikkola (Healthy), Klim Kostin (Healthy), Ville Ottavainen (Healthy), Max Sasson (Healthy)
Sheldon Dries (Healthy), Jesper Vikman (Healthy), Nikita Tolopilo (Healthy), Brandon Bussi (Healthy)
Reno Silver Aces
5 vs 5 Forward
Center Left Wing Right Wing Time % Phy DF OF
1 Tanner Laczynski Valtteri Puustinen Michael Pezzetta 30 1 2 2
2 Peter Abbandonato Vinnie Hinostroza Nicolas Deslauriers 30 1 2 2
3 Patrick Brown Brendan Lemieux Mathieu Olivier 25 1 2 2
4 Nathan Gaucher Zachary L'Heureux William Dufour 15 1 2 2
5 vs 5 Defense
Defense Defense Time % Phy DF OF
1 Robert Bortuzzo Jon Merrill 30 1 2 2
2 Dylan Coghlan Ty Smith 30 1 2 2
3 Jeremie Poirier William Villeneuve 25 1 2 2
4 Robert Bortuzzo Jon Merrill 15 1 2 2
PowerPlay Forward
Center Left Wing Right Wing Time % Phy DF OF
1 Patrick Brown Valtteri Puustinen Michael Pezzetta 50 1 2 2
2 Tanner Laczynski Vinnie Hinostroza Mathieu Olivier 50 1 2 2
PowerPlay Defense
Defense Defense Time % Phy DF OF
1 Robert Bortuzzo Jon Merrill 50 1 2 2
2 Dylan Coghlan Ty Smith 50 1 2 2
Penalty Kill 4 Players Forward
Center Wing Time % Phy DF OF
1 Valtteri Puustinen Michael Pezzetta 50 1 2 2
2 Vinnie Hinostroza Mathieu Olivier 50 1 2 2
Penalty Kill 4 Players Defense
Defense Defense Time % Phy DF OF
1 Robert Bortuzzo Jon Merrill 50 1 2 2
2 Dylan Coghlan Ty Smith 50 1 2 2
Penalty Kill - 3 Players Forward
Forward Time % Phy DF OF
1 Valtteri Puustinen 50 1 2 2
2 Michael Pezzetta 50 1 2 2
Penalty Kill - 3 Players Defense
Defense Defense Time % Phy DF OF
1 Robert Bortuzzo Jon Merrill 50 1 2 2
2 Dylan Coghlan Ty Smith 50 1 2 2
4 vs 4 Forward
Center Wing Time % Phy DF OF
1 Valtteri Puustinen Michael Pezzetta 50 1 2 2
2 Vinnie Hinostroza Mathieu Olivier 50 1 2 2
4 vs 4 Defense
Defense Defense Time % Phy DF OF
1 Robert Bortuzzo Jon Merrill 50 1 2 2
2 Dylan Coghlan Ty Smith 50 1 2 2
Last Minutes Offensive
Center Left Wing Right Wing Defense Defense
Patrick Brown Valtteri Puustinen Michael Pezzetta Robert Bortuzzo Jon Merrill
Last Minutes Defensive
Center Left Wing Right Wing Defense Defense
Patrick Brown Valtteri Puustinen Michael Pezzetta Robert Bortuzzo Jon Merrill
Goaltenders
Starting : Philipp Grubauer
Backup : Mackenzie Blackwood
Extra Forwards
Normal : Nathan Gaucher, Nicolas Deslauriers, Brendan Lemieux - PP : Nathan Gaucher, Nicolas Deslauriers - PK : Brendan Lemieux
Extra Defensemen
Normal : Jeremie Poirier, William Villeneuve, Dylan Coghlan - PP : Jeremie Poirier - PK : William Villeneuve, Dylan Coghlan
Penalty Shots
Valtteri Puustinen, Michael Pezzetta, Vinnie Hinostroza, Mathieu Olivier, Patrick Brown
Scratches
Marshall Rifai (Healthy), Jacob Melanson (Healthy), Frederic Brunet (Healthy), Christian Kyrou (Healthy), Blade Jenkins (Healthy)
Mac Hollowell (Healthy), Wyatte Wylie (Healthy), Nathan Legare (Healthy), Jiri Patera (Healthy), Dustin Tokarski (Healthy)
% Time on Ice - Tappara Tampere
Lines # - Real PCT - Wanted PCT - Time Play
Normal Forward
1 - 29% - 30% - 13:32
2 - 29% - 30% - 13:30
3 - 25% - 25% - 11:40
4 - 18% - 15% - 8:22
Normal Defense
1 - 31% - 30% - 14:35
2 - 31% - 30% - 14:45
3 - 25% - 25% - 11:39
4 - 13% - 15% - 6:05
PP Forward
1 - 47% - 50% - 4:37
2 - 53% - 50% - 5:18
PP Defense
1 - 52% - 50% - 5:11
2 - 48% - 50% - 4:44
PK Forward
1 - 54% - 50% - 1:36
2 - 46% - 50% - 1:23
PK Defense
1 - 44% - 50% - 1:19
2 - 56% - 50% - 1:40
PK3 Forward
1 - 0% - 50%
2 - 0% - 50%
PK3 Defense
1 - 0% - 50%
2 - 0% - 50%
44 Forward
1 - 0% - 50%
2 - 0% - 50%
44 Defense
1 - 0% - 50%
2 - 0% - 50%
Last Minute Offensive - 0:02
Last Minute Defensive - 0:00
Total
Forward - 60:00
Defense - 60:00
|
% Time on Ice - Reno Silver Aces
Lines # - Real PCT - Wanted PCT - Time Play
Normal Forward
1 - 29% - 30% - 13:38
2 - 30% - 30% - 14:00
3 - 24% - 25% - 11:24
4 - 17% - 15% - 8:04
Normal Defense
1 - 30% - 30% - 14:06
2 - 32% - 30% - 15:05
3 - 26% - 25% - 12:05
4 - 12% - 15% - 5:50
PP Forward
1 - 51% - 50% - 1:31
2 - 49% - 50% - 1:28
PP Defense
1 - 68% - 50% - 2:01
2 - 32% - 50% - 0:58
PK Forward
1 - 50% - 50% - 4:59
2 - 50% - 50% - 4:56
PK Defense
1 - 51% - 50% - 5:01
2 - 49% - 50% - 4:54
PK3 Forward
1 - 0% - 50%
2 - 0% - 50%
PK3 Defense
1 - 0% - 50%
2 - 0% - 50%
44 Forward
1 - 0% - 50%
2 - 0% - 50%
44 Defense
1 - 0% - 50%
2 - 0% - 50%
Last Minute Offensive - 0:00
Last Minute Defensive - 0:00
Total
Forward - 60:00
Defense - 60:00
|
Play-by-Play
1st period
0:01 of 1st period - Tanner Laczynski wins face-off versus Matthew Beniers in neutral zone.
0:08 of 1st period - Wrist shot by Valtteri Puustinen.
0:08 of 1st period - Shot Misses the Net.
0:29 of 1st period - Off-side.
0:30 of 1st period - Vinnie Hinostroza wins face-off versus Kent Johnson in neutral zone.
1:50 of 1st period - Snap shot by Peter Abbandonato.
1:50 of 1st period - Shot Misses the Net.
1:52 of 1st period - Wrist shot by Vinnie Hinostroza.
1:52 of 1st period - Goal by Vinnie Hinostroza - Tappara Tampere : 0 - Reno Silver Aces : 1.
1:53 of 1st period - Sam Carrick wins face-off versus Patrick Brown in neutral zone.
1:58 of 1st period - Wrist shot by Nathan Walker.
1:58 of 1st period - Stopped by Philipp Grubauer with a rebound.
2:00 of 1st period - Slapshot by Jan Rutta.
2:00 of 1st period - Stopped by Philipp Grubauer without a rebound.
2:01 of 1st period - Sam Carrick wins face-off versus Patrick Brown in Reno Silver Aces zone.
2:16 of 1st period - Slapshot by Matt Martin.
2:16 of 1st period - Stopped by Philipp Grubauer without a rebound.
2:17 of 1st period - Tanner Laczynski wins face-off versus Tanner Pearson in Reno Silver Aces zone.
2:42 of 1st period - Matthew Beniers is hit by William Dufour and loses puck.
3:05 of 1st period - Snap shot by Nathan Walker.
3:05 of 1st period - Stopped by Philipp Grubauer without a rebound.
3:06 of 1st period - Matt Martin wins face-off versus Patrick Brown in Reno Silver Aces zone.
3:44 of 1st period - Mathieu Olivier is hit by Matt Martin and loses puck.
4:06 of 1st period - Minor Penalty to Sam Carrick for Tripping.
4:07 of 1st period - Tanner Laczynski wins face-off versus Matthew Beniers in Tappara Tampere zone.
4:07 of 1st period - Snap shot by Vinnie Hinostroza.
4:07 of 1st period - Goal by Vinnie Hinostroza - Tappara Tampere : 0 - Reno Silver Aces : 2.
4:08 of 1st period - Matthew Beniers wins face-off versus Tanner Laczynski in neutral zone.
4:16 of 1st period - Jan Rutta is hit by Robert Bortuzzo and loses puck.
4:21 of 1st period - Snap shot by Valtteri Puustinen.
4:21 of 1st period - Stopped by Chris Driedger with a rebound.
5:08 of 1st period - Wrist shot by Vinnie Hinostroza.
5:08 of 1st period - Shot Blocked by Nikita Zaitsev.
5:18 of 1st period - Wrist shot by Patrick Brown.
5:18 of 1st period - Shot Misses the Net.
5:26 of 1st period - Brendan Lemieux is hit by John Klingberg and loses puck.
5:55 of 1st period - Snap shot by Dominik Kubalik.
5:55 of 1st period - Stopped by Philipp Grubauer with a rebound.
6:00 of 1st period - Minor Penalty to Zachary L'Heureux for Hooking.
6:01 of 1st period - Matthew Beniers wins face-off versus Valtteri Puustinen in Reno Silver Aces zone.
6:19 of 1st period - Jan Rutta is hit by Robert Bortuzzo and loses puck.
8:00 of 1st period - Penalty to Zachary L'Heureux is over, Zachary L'Heureux is back on ice.
8:33 of 1st period - Sebastian J Aho is hit by Jeremie Poirier and loses puck.
9:22 of 1st period - Andrew Cogliano is hit by Brendan Lemieux and loses puck.
9:35 of 1st period - Jayson Megna is hit by Michael Pezzetta and loses puck.
10:03 of 1st period - Icing by Tomas Nosek.
10:04 of 1st period - Sam Carrick wins face-off versus Nathan Gaucher in Tappara Tampere zone.
10:04 of 1st period - Sam Carrick is hit by William Dufour.
10:10 of 1st period - Wrist shot by Nathan Walker.
10:10 of 1st period - Shot Misses the Net.
10:40 of 1st period - Wrist shot by Matthew Beniers.
10:40 of 1st period - Goal by Matthew Beniers - Tappara Tampere : 1 - Reno Silver Aces : 2.
10:41 of 1st period - Matthew Beniers wins face-off versus Tanner Laczynski in neutral zone.
10:43 of 1st period - Off-side.
10:44 of 1st period - Tanner Laczynski wins face-off versus Logan Stankoven in neutral zone.
12:22 of 1st period - Snap shot by Dominik Kubalik.
12:22 of 1st period - Stopped by Philipp Grubauer without a rebound.
12:23 of 1st period - Peter Abbandonato wins face-off versus Kent Johnson in Reno Silver Aces zone.
12:30 of 1st period - Snap shot by Nicolas Deslauriers.
12:30 of 1st period - Stopped by Chris Driedger with a rebound.
12:32 of 1st period - Snap shot by Robert Bortuzzo.
12:32 of 1st period - Deflect By Vinnie Hinostroza.
12:32 of 1st period - Shot Blocked by Jayson Megna.
12:32 of 1st period - Puck is out of play.
12:33 of 1st period - Peter Abbandonato wins face-off versus Kent Johnson in Tappara Tampere zone.
12:36 of 1st period - Wrist shot by Nicolas Deslauriers.
12:36 of 1st period - Stopped by Chris Driedger with a rebound.
12:38 of 1st period - Snap shot by Vinnie Hinostroza.
12:38 of 1st period - Shot Misses the Net.
12:40 of 1st period - Snap shot by Vinnie Hinostroza.
12:40 of 1st period - Deflect By Peter Abbandonato.
12:40 of 1st period - Stopped by Chris Driedger with a rebound.
12:42 of 1st period - Slapshot by Jon Merrill.
12:42 of 1st period - Shot Blocked by Kent Johnson.
12:44 of 1st period - Snap shot by Robert Bortuzzo.
12:44 of 1st period - Stopped by Chris Driedger without a rebound.
12:45 of 1st period - Matthew Beniers wins face-off versus Tanner Laczynski in Tappara Tampere zone.
12:56 of 1st period - Michael Pezzetta is hit by Matthew Beniers and loses puck.
13:01 of 1st period - Slapshot by Matthew Beniers.
13:01 of 1st period - Stopped by Philipp Grubauer with a rebound.
13:11 of 1st period - Michael Pezzetta is hit by Nathan Walker and loses puck.
13:16 of 1st period - Snap shot by Nathan Walker.
13:16 of 1st period - Stopped by Philipp Grubauer without a rebound.
13:17 of 1st period - Peter Abbandonato wins face-off versus Sam Carrick in Reno Silver Aces zone.
13:27 of 1st period - Snap shot by Nathan Walker.
13:27 of 1st period - Stopped by Philipp Grubauer with a rebound.
13:33 of 1st period - Wrist shot by Peter Abbandonato.
13:33 of 1st period - Deflect By Vinnie Hinostroza.
13:33 of 1st period - Stopped by Chris Driedger with a rebound.
13:43 of 1st period - Dylan Coghlan is hit by Calvin De Haan and loses puck.
13:50 of 1st period - Andrew Cogliano is hit by Mathieu Olivier and loses puck.
14:11 of 1st period - Kent Johnson is hit by Nathan Gaucher and loses puck.
14:24 of 1st period - Wrist shot by Tanner Pearson.
14:24 of 1st period - Shot Misses the Net.
14:26 of 1st period - Snap shot by Tomas Nosek.
14:26 of 1st period - Stopped by Philipp Grubauer with a rebound.
14:28 of 1st period - Snap shot by Calvin De Haan.
14:28 of 1st period - Shot Blocked by Michael Pezzetta.
14:30 of 1st period - Slapshot by Calvin De Haan.
14:30 of 1st period - Shot Blocked by Jeremie Poirier.
15:02 of 1st period - Mathieu Olivier is hit by Matt Martin and loses puck.
16:11 of 1st period - William Villeneuve is hit by Nikita Zaitsev and loses puck.
16:42 of 1st period - Robert Bortuzzo is hit by Mattias Janmark.
16:50 of 1st period - Wrist shot by Mathieu Olivier.
16:50 of 1st period - Goal by Mathieu Olivier - Tappara Tampere : 1 - Reno Silver Aces : 3.
16:51 of 1st period - Matthew Beniers wins face-off versus Valtteri Puustinen in neutral zone.
16:58 of 1st period - Slapshot by Michael Pezzetta.
16:58 of 1st period - Shot Misses the Net.
17:00 of 1st period - Wrist shot by Tanner Laczynski.
17:00 of 1st period - Stopped by Chris Driedger with a rebound.
17:02 of 1st period - Slapshot by Jon Merrill.
17:02 of 1st period - Stopped by Chris Driedger without a rebound.
17:03 of 1st period - Matthew Beniers wins face-off versus Tanner Laczynski in Tappara Tampere zone.
17:03 of 1st period - Matthew Beniers is hit by Michael Pezzetta.
17:19 of 1st period - Wrist shot by Valtteri Puustinen.
17:19 of 1st period - Stopped by Chris Driedger without a rebound.
17:20 of 1st period - Peter Abbandonato wins face-off versus Kent Johnson in Tappara Tampere zone.
17:46 of 1st period - Logan Stankoven is hit by Patrick Brown and loses puck.
17:57 of 1st period - Wrist shot by Andrew Cogliano.
17:57 of 1st period - Stopped by Philipp Grubauer without a rebound.
17:58 of 1st period - Tanner Laczynski wins face-off versus Sam Carrick in Reno Silver Aces zone.
18:06 of 1st period - Icing by Tanner Laczynski.
18:07 of 1st period - Tanner Laczynski wins face-off versus Sam Carrick in Reno Silver Aces zone.
18:15 of 1st period - Wrist shot by Valtteri Puustinen.
18:15 of 1st period - Shot Misses the Net.
18:17 of 1st period - Slapshot by Tanner Laczynski.
18:17 of 1st period - Stopped by Chris Driedger with a rebound.
18:19 of 1st period - Slapshot by Tanner Laczynski.
18:19 of 1st period - Stopped by Chris Driedger with a rebound.
18:21 of 1st period - Slapshot by Dylan Coghlan.
18:21 of 1st period - Deflect By Michael Pezzetta.
18:21 of 1st period - Shot Blocked by Sebastian J Aho.
18:21 of 1st period - Puck is out of play.
18:22 of 1st period - Peter Abbandonato wins face-off versus Kent Johnson in Tappara Tampere zone.
18:27 of 1st period - Slapshot by Nicolas Deslauriers.
18:27 of 1st period - Stopped by Chris Driedger without a rebound.
18:28 of 1st period - Mattias Janmark wins face-off versus Peter Abbandonato in Tappara Tampere zone.
18:41 of 1st period - Slapshot by Kent Johnson.
18:41 of 1st period - Shot Misses the Net.
18:53 of 1st period - Valtteri Puustinen is hit by Calvin De Haan and loses puck.
19:03 of 1st period - Slapshot by Robert Bortuzzo.
19:03 of 1st period - Shot Blocked by Calvin De Haan.
19:09 of 1st period - Minor Penalty to Matthew Beniers for Hooking.
19:10 of 1st period - Logan Stankoven wins face-off versus Patrick Brown in Tappara Tampere zone.
Goals for this period are 1 for Tappara Tampere vs 3 for Reno Silver Aces.
Shots for this period are 12 for Tappara Tampere vs 15 for Reno Silver Aces.
2nd period
0:01 of 2nd period - Tanner Laczynski wins face-off versus Logan Stankoven in neutral zone.
0:08 of 2nd period - Wrist shot by Mathieu Olivier.
0:08 of 2nd period - Goal by Mathieu Olivier - Tappara Tampere : 1 - Reno Silver Aces : 4.
0:09 of 2nd period - Tanner Laczynski wins face-off versus Matthew Beniers in neutral zone.
0:34 of 2nd period - Robert Bortuzzo is hit by Mattias Janmark and loses puck.
0:45 of 2nd period - Slapshot by Mattias Janmark.
0:45 of 2nd period - Shot Blocked by Jon Merrill.
0:57 of 2nd period - Snap shot by Vinnie Hinostroza.
0:57 of 2nd period - Stopped by Chris Driedger with a rebound.
0:59 of 2nd period - Snap shot by Peter Abbandonato.
0:59 of 2nd period - Stopped by Chris Driedger without a rebound.
1:00 of 2nd period - Matthew Beniers wins face-off versus Peter Abbandonato in Tappara Tampere zone.
1:26 of 2nd period - Vinnie Hinostroza is hit by Sam Carrick.
1:49 of 2nd period - Mattias Janmark is hit by Michael Pezzetta and loses puck.
2:10 of 2nd period - Sebastian J Aho is hit by Brendan Lemieux and loses puck.
2:38 of 2nd period - Snap shot by William Dufour.
2:38 of 2nd period - Shot Misses the Net.
2:40 of 2nd period - Slapshot by Dylan Coghlan.
2:40 of 2nd period - Stopped by Chris Driedger without a rebound.
2:41 of 2nd period - Kent Johnson wins face-off versus Valtteri Puustinen in Tappara Tampere zone.
3:06 of 2nd period - Brendan Lemieux is hit by Jan Rutta and loses puck.
3:51 of 2nd period - Snap shot by Zachary L'Heureux.
3:51 of 2nd period - Stopped by Chris Driedger without a rebound.
3:52 of 2nd period - Nathan Gaucher wins face-off versus Kent Johnson in Tappara Tampere zone.
3:58 of 2nd period - William Dufour beats up Mattias Janmark.
3:58 of 2nd period - Penalty to William Dufour for Fighting.
3:58 of 2nd period - Penalty to Mattias Janmark for Fighting.
3:59 of 2nd period - Tanner Laczynski wins face-off versus Matthew Beniers in Tappara Tampere zone.
4:10 of 2nd period - Snap shot by Matthew Beniers.
4:10 of 2nd period - Shot Misses the Net.
4:12 of 2nd period - Snap shot by Logan Stankoven.
4:12 of 2nd period - Stopped by Philipp Grubauer with a rebound.
4:45 of 2nd period - Wrist shot by Dominik Kubalik.
4:45 of 2nd period - Shot Misses the Net.
4:47 of 2nd period - Backhand shot by Andreas Englund.
4:47 of 2nd period - Deflect By Jon Merrill.
4:47 of 2nd period - Stopped by Philipp Grubauer with a rebound.
4:49 of 2nd period - Slapshot by Nikita Zaitsev.
4:49 of 2nd period - Stopped by Philipp Grubauer with a rebound.
4:51 of 2nd period - Snap shot by Nikita Zaitsev.
4:51 of 2nd period - Stopped by Philipp Grubauer without a rebound.
4:52 of 2nd period - Matthew Beniers wins face-off versus Tanner Laczynski in Reno Silver Aces zone.
5:05 of 2nd period - John Klingberg is hit by Valtteri Puustinen.
5:24 of 2nd period - Snap shot by Jayson Megna.
5:24 of 2nd period - Shot Misses the Net.
5:26 of 2nd period - Snap shot by Kent Johnson.
5:26 of 2nd period - Stopped by Philipp Grubauer with a rebound.
5:40 of 2nd period - Slapshot by Tanner Pearson.
5:40 of 2nd period - Goal by Tanner Pearson - Tappara Tampere : 2 - Reno Silver Aces : 4.
5:41 of 2nd period - Sam Carrick wins face-off versus Peter Abbandonato in neutral zone.
5:52 of 2nd period - Off-side.
5:53 of 2nd period - Matthew Beniers wins face-off versus Valtteri Puustinen in neutral zone.
6:06 of 2nd period - Slapshot by Valtteri Puustinen.
6:06 of 2nd period - Shot Misses the Net.
6:08 of 2nd period - Wrist shot by Michael Pezzetta.
6:08 of 2nd period - Stopped by Chris Driedger with a rebound.
6:18 of 2nd period - William Villeneuve is hit by Sebastian J Aho and loses puck.
6:29 of 2nd period - Snap shot by Jayson Megna.
6:29 of 2nd period - Stopped by Philipp Grubauer without a rebound.
6:30 of 2nd period - Matthew Beniers wins face-off versus Patrick Brown in Reno Silver Aces zone.
6:53 of 2nd period - Minor Penalty to Brendan Lemieux for Holding.
6:54 of 2nd period - Valtteri Puustinen wins face-off versus Kent Johnson in Reno Silver Aces zone.
7:03 of 2nd period - Ty Smith is hit by Kent Johnson and loses puck.
7:51 of 2nd period - Robert Bortuzzo is hit by Jayson Megna and loses puck.
8:53 of 2nd period - Penalty to Brendan Lemieux is over, Brendan Lemieux is back on ice.
9:07 of 2nd period - Backhand shot by Tanner Pearson.
9:07 of 2nd period - Shot Misses the Net.
9:47 of 2nd period - Jan Rutta is hit by Zachary L'Heureux and loses puck.
10:33 of 2nd period - Peter Abbandonato is hit by Jayson Megna and loses puck.
10:56 of 2nd period - Snap shot by Matthew Beniers.
10:56 of 2nd period - Stopped by Philipp Grubauer without a rebound.
10:57 of 2nd period - Tanner Laczynski wins face-off versus Matthew Beniers in Reno Silver Aces zone.
11:45 of 2nd period - Wrist shot by Jayson Megna.
11:45 of 2nd period - Shot Misses the Net.
11:47 of 2nd period - Snap shot by Jayson Megna.
11:47 of 2nd period - Stopped by Philipp Grubauer with a rebound.
11:49 of 2nd period - Wrist shot by Jayson Megna.
11:49 of 2nd period - Shot Blocked by Jon Merrill.
11:51 of 2nd period - Wrist shot by Kent Johnson.
11:51 of 2nd period - Goal by Kent Johnson - Tappara Tampere : 3 - Reno Silver Aces : 4.
11:52 of 2nd period - Michael Pezzetta wins face-off versus Kent Johnson in neutral zone.
12:03 of 2nd period - Slapshot by Valtteri Puustinen.
12:03 of 2nd period - Stopped by Chris Driedger without a rebound.
12:04 of 2nd period - Tanner Laczynski wins face-off versus Kent Johnson in Tappara Tampere zone.
12:05 of 2nd period - Snap shot by Valtteri Puustinen.
12:05 of 2nd period - Shot Hit the Post.
12:08 of 2nd period - Icing by Kent Johnson.
12:09 of 2nd period - Kent Johnson wins face-off versus Tanner Laczynski in Tappara Tampere zone.
12:18 of 2nd period - Snap shot by Tanner Laczynski.
12:18 of 2nd period - Deflect By Valtteri Puustinen.
12:18 of 2nd period - Shot Misses the Net.
12:18 of 2nd period - Puck is out of play.
12:19 of 2nd period - Matthew Beniers wins face-off versus Nicolas Deslauriers in Tappara Tampere zone.
12:24 of 2nd period - Jon Merrill is hit by Andrew Cogliano and loses puck.
12:31 of 2nd period - Slapshot by Robert Bortuzzo.
12:31 of 2nd period - Stopped by Chris Driedger with a rebound.
12:33 of 2nd period - Wrist shot by Nicolas Deslauriers.
12:33 of 2nd period - Shot Misses the Net.
12:35 of 2nd period - Slapshot by Robert Bortuzzo.
12:35 of 2nd period - Stopped by Chris Driedger with a rebound.
12:45 of 2nd period - Sam Carrick is hit by Jon Merrill and loses puck.
13:01 of 2nd period - Nathan Gaucher beats up Matt Martin.
13:01 of 2nd period - Penalty to Nathan Gaucher for Fighting.
13:01 of 2nd period - Penalty to Matt Martin for Fighting.
13:02 of 2nd period - Kent Johnson wins face-off versus Peter Abbandonato in neutral zone.
13:17 of 2nd period - Wrist shot by Kent Johnson.
13:17 of 2nd period - Shot Misses the Net.
13:23 of 2nd period - Minor Penalty to Robert Bortuzzo for High sticking.
13:24 of 2nd period - Kent Johnson wins face-off versus Vinnie Hinostroza in Reno Silver Aces zone.
13:27 of 2nd period - Wrist shot by Kent Johnson.
13:27 of 2nd period - Stopped by Philipp Grubauer with a rebound.
15:23 of 2nd period - Penalty to Robert Bortuzzo is over, Robert Bortuzzo is back on ice.
16:14 of 2nd period - Snap shot by Tanner Pearson.
16:14 of 2nd period - Deflect By Tomas Nosek.
16:14 of 2nd period - Shot Blocked by Dylan Coghlan.
16:14 of 2nd period - Puck is out of play.
16:15 of 2nd period - Patrick Brown wins face-off versus Tomas Nosek in Reno Silver Aces zone.
16:48 of 2nd period - Wrist shot by Mattias Janmark.
16:48 of 2nd period - Shot Blocked by William Villeneuve.
16:50 of 2nd period - Snap shot by Mattias Janmark.
16:50 of 2nd period - Stopped by Philipp Grubauer with a rebound.
16:52 of 2nd period - Snap shot by Jayson Megna.
16:52 of 2nd period - Shot Blocked by William Villeneuve.
16:54 of 2nd period - Wrist shot by Kent Johnson.
16:54 of 2nd period - Stopped by Philipp Grubauer with a rebound.
16:56 of 2nd period - Slapshot by Nikita Zaitsev.
16:56 of 2nd period - Deflect By Kent Johnson.
16:56 of 2nd period - Shot Misses the Net.
16:56 of 2nd period - Puck is out of play.
16:57 of 2nd period - Sam Carrick wins face-off versus Peter Abbandonato in Reno Silver Aces zone.
17:05 of 2nd period - Off-side.
17:06 of 2nd period - Sam Carrick wins face-off versus Vinnie Hinostroza in neutral zone.
17:11 of 2nd period - Snap shot by Nathan Walker.
17:11 of 2nd period - Shot Misses the Net.
17:13 of 2nd period - Snap shot by Sam Carrick.
17:13 of 2nd period - Shot Blocked by Nicolas Deslauriers.
17:15 of 2nd period - Snap shot by Sam Carrick.
17:15 of 2nd period - Stopped by Philipp Grubauer with a rebound.
17:17 of 2nd period - Wrist shot by Nathan Walker.
17:17 of 2nd period - Shot Misses the Net.
18:38 of 2nd period - Slapshot by Robert Bortuzzo.
18:38 of 2nd period - Shot Misses the Net.
18:56 of 2nd period - Slapshot by Tanner Pearson.
18:56 of 2nd period - Shot Misses the Net.
18:58 of 2nd period - Snap shot by Dominik Kubalik.
18:58 of 2nd period - Stopped by Philipp Grubauer with a rebound.
19:11 of 2nd period - Icing by Patrick Brown.
19:12 of 2nd period - Patrick Brown wins face-off versus Kent Johnson in Reno Silver Aces zone.
19:12 of 2nd period - Patrick Brown is hit by Kent Johnson.
19:19 of 2nd period - Wrist shot by Jayson Megna.
19:19 of 2nd period - Stopped by Philipp Grubauer with a rebound.
19:25 of 2nd period - Slapshot by Kent Johnson.
19:25 of 2nd period - Shot Blocked by Vinnie Hinostroza.
19:27 of 2nd period - Slapshot by Jayson Megna.
19:27 of 2nd period - Stopped by Philipp Grubauer without a rebound.
19:28 of 2nd period - Patrick Brown wins face-off versus Matthew Beniers in Reno Silver Aces zone.
19:33 of 2nd period - Wrist shot by Logan Stankoven.
19:33 of 2nd period - Shot Misses the Net.
19:35 of 2nd period - Slapshot by Jan Rutta.
19:35 of 2nd period - Stopped by Philipp Grubauer with a rebound.
19:37 of 2nd period - Snap shot by Andrew Cogliano.
19:37 of 2nd period - Shot Misses the Net.
19:39 of 2nd period - Snap shot by Logan Stankoven.
19:39 of 2nd period - Stopped by Philipp Grubauer without a rebound.
19:40 of 2nd period - Matthew Beniers wins face-off versus Tanner Laczynski in Reno Silver Aces zone.
19:41 of 2nd period - Wrist shot by Logan Stankoven.
19:41 of 2nd period - Stopped by Philipp Grubauer with a rebound.
Goals for this period are 2 for Tappara Tampere vs 1 for Reno Silver Aces.
Shots for this period are 20 for Tappara Tampere vs 9 for Reno Silver Aces.
3rd period
0:01 of 3rd period - Logan Stankoven wins face-off versus Patrick Brown in neutral zone.
0:12 of 3rd period - Calvin De Haan is hit by Patrick Brown and loses puck.
1:28 of 3rd period - Snap shot by Andrew Cogliano.
1:28 of 3rd period - Shot Misses the Net.
1:30 of 3rd period - Wrist shot by Matthew Beniers.
1:30 of 3rd period - Deflect By Andrew Cogliano.
1:30 of 3rd period - Shot Misses the Net.
1:30 of 3rd period - Puck is out of play.
1:31 of 3rd period - Matthew Beniers wins face-off versus Valtteri Puustinen in Reno Silver Aces zone.
1:34 of 3rd period - Snap shot by Matthew Beniers.
1:34 of 3rd period - Goal by Matthew Beniers - Tappara Tampere : 4 - Reno Silver Aces : 4.
1:35 of 3rd period - Matthew Beniers wins face-off versus Peter Abbandonato in neutral zone.
1:48 of 3rd period - Snap shot by Nicolas Deslauriers.
1:48 of 3rd period - Stopped by Chris Driedger with a rebound.
1:50 of 3rd period - Wrist shot by Nicolas Deslauriers.
1:50 of 3rd period - Stopped by Chris Driedger with a rebound.
3:06 of 3rd period - Peter Abbandonato is hit by Jayson Megna and loses puck.
4:08 of 3rd period - William Dufour is hit by Mattias Janmark and loses puck.
4:19 of 3rd period - Nikita Zaitsev is hit by Zachary L'Heureux and loses puck.
4:32 of 3rd period - Slapshot by John Klingberg.
4:32 of 3rd period - Deflect By Sam Carrick.
4:32 of 3rd period - Stopped by Philipp Grubauer with a rebound.
5:01 of 3rd period - Wrist shot by Patrick Brown.
5:01 of 3rd period - Stopped by Chris Driedger with a rebound.
5:12 of 3rd period - Icing by Mattias Janmark.
5:13 of 3rd period - Kent Johnson wins face-off versus Tanner Laczynski in Tappara Tampere zone.
5:58 of 3rd period - Snap shot by Vinnie Hinostroza.
5:58 of 3rd period - Shot Blocked by John Klingberg.
6:00 of 3rd period - Backhand shot by Jeremie Poirier.
6:00 of 3rd period - Stopped by Chris Driedger with a rebound.
6:02 of 3rd period - Snap shot by Peter Abbandonato.
6:02 of 3rd period - Stopped by Chris Driedger with a rebound.
6:04 of 3rd period - Slapshot by Jeremie Poirier.
6:04 of 3rd period - Shot Misses the Net.
6:06 of 3rd period - Snap shot by William Villeneuve.
6:06 of 3rd period - Deflect By Vinnie Hinostroza.
6:06 of 3rd period - Shot Misses the Net.
6:06 of 3rd period - Puck is out of play.
6:07 of 3rd period - Tanner Laczynski wins face-off versus Kent Johnson in Tappara Tampere zone.
6:22 of 3rd period - Snap shot by Michael Pezzetta.
6:22 of 3rd period - Goal by Michael Pezzetta - Tappara Tampere : 4 - Reno Silver Aces : 5.
6:23 of 3rd period - Matthew Beniers wins face-off versus Tanner Laczynski in neutral zone.
6:48 of 3rd period - Kent Johnson is hit by Mathieu Olivier and loses puck.
6:53 of 3rd period - Snap shot by Brendan Lemieux.
6:53 of 3rd period - Stopped by Chris Driedger without a rebound.
6:54 of 3rd period - Patrick Brown wins face-off versus Kent Johnson in Tappara Tampere zone.
6:55 of 3rd period - Wrist shot by Mathieu Olivier.
6:55 of 3rd period - Shot Blocked by Jayson Megna.
6:57 of 3rd period - Wrist shot by William Villeneuve.
6:57 of 3rd period - Shot Misses the Net.
6:59 of 3rd period - Wrist shot by Brendan Lemieux.
6:59 of 3rd period - Shot Misses the Net.
7:01 of 3rd period - Slapshot by William Villeneuve.
7:01 of 3rd period - Shot Misses the Net.
7:03 of 3rd period - Wrist shot by Patrick Brown.
7:03 of 3rd period - Stopped by Chris Driedger without a rebound.
7:04 of 3rd period - Patrick Brown wins face-off versus Kent Johnson in Tappara Tampere zone.
7:37 of 3rd period - Slapshot by John Klingberg.
7:37 of 3rd period - Stopped by Philipp Grubauer without a rebound.
7:38 of 3rd period - Matthew Beniers wins face-off versus Michael Pezzetta in Reno Silver Aces zone.
7:49 of 3rd period - Snap shot by Michael Pezzetta.
7:49 of 3rd period - Stopped by Chris Driedger without a rebound.
7:50 of 3rd period - Nicolas Deslauriers wins face-off versus Matthew Beniers in Tappara Tampere zone.
8:17 of 3rd period - Snap shot by Valtteri Puustinen.
8:17 of 3rd period - Shot Misses the Net.
8:19 of 3rd period - Slapshot by William Villeneuve.
8:19 of 3rd period - Shot Misses the Net.
8:21 of 3rd period - Slapshot by William Villeneuve.
8:21 of 3rd period - Shot Blocked by Calvin De Haan.
8:37 of 3rd period - Wrist shot by Jayson Megna.
8:37 of 3rd period - Shot Misses the Net.
8:39 of 3rd period - Slapshot by Jan Rutta.
8:39 of 3rd period - Deflect By Jayson Megna.
8:39 of 3rd period - Shot Misses the Net.
8:39 of 3rd period - Puck is out of play.
8:40 of 3rd period - Patrick Brown wins face-off versus Kent Johnson in Reno Silver Aces zone.
8:40 of 3rd period - Patrick Brown is hit by Sebastian J Aho.
8:43 of 3rd period - Minor Penalty to Robert Bortuzzo for High sticking.
8:44 of 3rd period - Kent Johnson wins face-off versus Valtteri Puustinen in Reno Silver Aces zone.
8:52 of 3rd period - Slapshot by John Klingberg.
8:52 of 3rd period - Deflect By Kent Johnson.
8:52 of 3rd period - Shot Blocked by Michael Pezzetta.
8:52 of 3rd period - Puck is out of play.
8:53 of 3rd period - Kent Johnson wins face-off versus Valtteri Puustinen in Reno Silver Aces zone.
8:54 of 3rd period - Wrist shot by Jayson Megna.
8:54 of 3rd period - Shot Misses the Net.
9:00 of 3rd period - Nikita Zaitsev is hit by Michael Pezzetta and loses puck.
9:55 of 3rd period - Snap shot by Logan Stankoven.
9:55 of 3rd period - Deflect By Jon Merrill.
9:55 of 3rd period - Shot Misses the Net.
9:55 of 3rd period - Puck is out of play.
9:56 of 3rd period - Matthew Beniers wins face-off versus Valtteri Puustinen in Reno Silver Aces zone.
10:43 of 3rd period - Penalty to Robert Bortuzzo is over, Robert Bortuzzo is back on ice.
11:17 of 3rd period - Snap shot by Vinnie Hinostroza.
11:17 of 3rd period - Shot Misses the Net.
11:19 of 3rd period - Wrist shot by Nicolas Deslauriers.
11:19 of 3rd period - Deflect By Vinnie Hinostroza.
11:19 of 3rd period - Stopped by Chris Driedger without a rebound.
11:20 of 3rd period - Patrick Brown wins face-off versus Sam Carrick in Tappara Tampere zone.
11:58 of 3rd period - Snap shot by Tomas Nosek.
11:58 of 3rd period - Goal by Tomas Nosek - Tappara Tampere : 5 - Reno Silver Aces : 5.
11:59 of 3rd period - Peter Abbandonato wins face-off versus Andrew Cogliano in neutral zone.
12:37 of 3rd period - Off-side.
12:38 of 3rd period - Kent Johnson wins face-off versus Tanner Laczynski in neutral zone.
12:49 of 3rd period - Wrist shot by Tanner Laczynski.
12:49 of 3rd period - Shot Misses the Net.
12:51 of 3rd period - Slapshot by Tanner Laczynski.
12:51 of 3rd period - Stopped by Chris Driedger with a rebound.
12:53 of 3rd period - Wrist shot by Michael Pezzetta.
12:53 of 3rd period - Shot Misses the Net.
13:34 of 3rd period - Icing by Calvin De Haan.
13:35 of 3rd period - Sam Carrick wins face-off versus Valtteri Puustinen in Tappara Tampere zone.
13:48 of 3rd period - Snap shot by Matt Martin.
13:48 of 3rd period - Shot Misses the Net.
13:50 of 3rd period - Snap shot by Sam Carrick.
13:50 of 3rd period - Shot Misses the Net.
13:52 of 3rd period - Wrist shot by Matt Martin.
13:52 of 3rd period - Shot Misses the Net.
13:54 of 3rd period - Backhand shot by Nathan Walker.
13:54 of 3rd period - Shot Misses the Net.
13:56 of 3rd period - Snap shot by Nathan Walker.
13:56 of 3rd period - Stopped by Philipp Grubauer without a rebound.
13:57 of 3rd period - Peter Abbandonato wins face-off versus Kent Johnson in Reno Silver Aces zone.
14:08 of 3rd period - Snap shot by Jayson Megna.
14:08 of 3rd period - Stopped by Philipp Grubauer with a rebound.
14:10 of 3rd period - Slapshot by Jayson Megna.
14:10 of 3rd period - Shot Blocked by Peter Abbandonato.
14:12 of 3rd period - Wrist shot by Kent Johnson.
14:12 of 3rd period - Shot Blocked by Vinnie Hinostroza.
14:30 of 3rd period - Snap shot by Logan Stankoven.
14:30 of 3rd period - Shot Misses the Net.
14:42 of 3rd period - Snap shot by Michael Pezzetta.
14:42 of 3rd period - Shot Blocked by Calvin De Haan.
14:44 of 3rd period - Slapshot by Dylan Coghlan.
14:44 of 3rd period - Shot Blocked by Calvin De Haan.
14:46 of 3rd period - Snap shot by Dylan Coghlan.
14:46 of 3rd period - Shot Blocked by Matt Martin.
14:48 of 3rd period - Slapshot by Dylan Coghlan.
14:48 of 3rd period - Shot Misses the Net.
14:50 of 3rd period - Wrist shot by Michael Pezzetta.
14:50 of 3rd period - Deflect By Tanner Laczynski.
14:50 of 3rd period - Goal by Tanner Laczynski - Tappara Tampere : 5 - Reno Silver Aces : 6.
14:51 of 3rd period - Kent Johnson wins face-off versus Peter Abbandonato in neutral zone.
15:12 of 3rd period - Minor Penalty to Andreas Englund for Holding.
15:13 of 3rd period - Logan Stankoven wins face-off versus Patrick Brown in Tappara Tampere zone.
15:26 of 3rd period - Wrist shot by Matthew Beniers.
15:26 of 3rd period - Deflect By Andrew Cogliano.
15:26 of 3rd period - Shot Misses the Net.
15:26 of 3rd period - Puck is out of play.
15:27 of 3rd period - Logan Stankoven wins face-off versus Tanner Laczynski in Reno Silver Aces zone.
17:05 of 3rd period - Matthew Beniers is hit by Tanner Laczynski and loses puck.
17:12 of 3rd period - Penalty to Andreas Englund is over, Andreas Englund is back on ice.
17:18 of 3rd period - Dylan Coghlan is hit by Matt Martin and loses puck.
17:27 of 3rd period - Snap shot by Zachary L'Heureux.
17:27 of 3rd period - Shot Misses the Net.
17:29 of 3rd period - Snap shot by Nathan Gaucher.
17:29 of 3rd period - Stopped by Chris Driedger with a rebound.
17:41 of 3rd period - William Villeneuve is hit by Tomas Nosek and loses puck.
17:56 of 3rd period - Minor Penalty to Jeremie Poirier for Interference.
17:57 of 3rd period - Kent Johnson wins face-off versus Valtteri Puustinen in Reno Silver Aces zone.
18:22 of 3rd period - Dylan Coghlan is hit by Logan Stankoven and loses puck.
18:27 of 3rd period - Snap shot by Matthew Beniers.
18:27 of 3rd period - Shot Misses the Net.
18:31 of 3rd period - Tappara Tampere, Chris Driedger is pulled from the net.
19:20 of 3rd period - Icing by Jayson Megna.
19:21 of 3rd period - Chris Driedger from Tappara Tampere was sent back in the game.
19:21 of 3rd period - Valtteri Puustinen wins face-off versus Kent Johnson in Tappara Tampere zone.
19:56 of 3rd period - Penalty to Jeremie Poirier is over, Jeremie Poirier is back on ice.
Goals for this period are 2 for Tappara Tampere vs 2 for Reno Silver Aces.
Shots for this period are 6 for Tappara Tampere vs 13 for Reno Silver Aces.
Back to the Top